 Dungeon Crawl Stone Soup version 0.22-b1-26-g9dbaab1 (webtiles) character file.

2717 nicolaieve the Basher (level 9, -2/71 HPs)
             Began as a Minotaur Berserker on Aug 8, 2018.
             Was an Elder of Trog.
             Slain by a centaur (5 damage)
             ... on level 6 of the Dungeon.
             The game lasted 00:15:06 (3576 turns).

nicolaieve the Basher (Minotaur Berserker)          Turns: 3576, Time: 00:15:07

Health: -2/71      AC:  7    Str: 22    XL:     9   Next: 39%
Magic:  8/8        EV: 11    Int:  6    God:    Trog [****..]
Gold:   154        SH:  0    Dex: 13    Spells: 8/8 levels left

rFire    . . .     SeeInvis .   a - +0 mace
rCold    . . .     Gourm    +   (no shield)
rNeg     . . .     Faith    .   f - +0 scale mail
rPois    .         Spirit   .   (helmet restricted)
rElec    .         Reflect  .   d - +0 cloak
rCorr    .         Harm     .   (no gloves)
MR       .....                  (no boots)
Stlth    +.........             g - amulet of the gourmand
HPRegen  0.21/turn              h - +2 ring of intelligence
MPRegen  0.11/turn              r - ring of stealth

@: no status effects
A: retaliatory headbutt, horns 2
a: Berserk, Trog's Hand, Brothers in Arms, Renounce Religion


You were on level 6 of the Dungeon.
You worshipped Trog.
Trog was greatly pleased with you.
You were completely stuffed.

You visited 1 branch of the dungeon, and saw 6 of its levels.
You also visited: Ossuary.

You collected 154 gold pieces.

Inventory:

Hand Weapons
 a - a +0 mace (weapon)
Armour
 d - a +0 cloak (worn)
 f - a +0 scale mail (worn)
Jewellery
 g - an amulet of the gourmand (around neck)
 h - a +2 ring of intelligence (left hand)
 q - an uncursed amulet of harm {unknown}
 r - a ring of stealth (right hand)
 B - a +5 amulet of reflection {unknown}
Wands
 n - a wand of acid (10)
Scrolls
 b - 2 scrolls of enchant armour {unknown}
 e - 11 scrolls of identify {unknown}
 j - 4 scrolls of teleportation {unknown}
 m - a scroll of magic mapping {unknown}
 t - a scroll of blinking {unknown}
 u - a scroll of random uselessness {unknown}
 y - 2 scrolls of remove curse {unknown}
 A - a scroll of vulnerability {unknown}
 C - a scroll of immolation {unknown}
 D - 3 scrolls of enchant weapon {unknown}
Potions
 i - a potion of mutation {unknown}
 k - 2 potions of resistance {unknown}
 l - 2 potions of flight {unknown}
 o - 6 potions of heal wounds {unknown}
 p - a potion of brilliance {unknown}
 s - 2 potions of might {unknown}
 v - a potion of curing {unknown}
 w - a potion of berserk rage {unknown}
 x - 2 potions of lignification {unknown}
 z - a potion of ambrosia {unknown}
Comestibles
 c - 8 rations
 E - 4 chunks of flesh


   Skills:
 + Level 3.7 Fighting
 - Level 14.8 Maces & Flails
 + Level 2.9 Armour
 + Level 2.2 Dodging


You had 8 spell levels left.
You didn't know any spells.
Your spell library was empty.

Dungeon Overview and Level Annotations

Branches:
Dungeon (6/15)             Temple (0/1) D:4

Altars:
Nemelex Xobeh
Okawaru

Shops:
D:4 =


Innate Abilities, Weirdness & Mutations

You reflexively headbutt those who attack you in melee.
You have a pair of horns on your head.


Message History

The centaur shoots an arrow.
The arrow hits you.
The shadow imp summons a swarm of flies.
Found 14 gold pieces.
You see here an arrow.
The centaur shoots an arrow.
The arrow hits you!
* * * LOW HITPOINT WARNING * * *
The crimson imp hits you but does no damage.
You see here an arrow.
The centaur unwields an uncursed shortbow.
The centaur hits you!
* * * LOW HITPOINT WARNING * * *
The crimson imp hits you but does no damage.
You hit the centaur.
The centaur is lightly wounded.
The centaur hits you!
* * * LOW HITPOINT WARNING * * *
You completely miss the centaur. Your headbutt misses the centaur.
The centaur is lightly wounded.
The centaur hits you.
You die...

........#.#
........#.##.#.#.#
#######.#.##.#.#.#
#.#.##.#.#.#
#.#)##.#...#
#.#.##....###
#.(.##......#
##..##......#
#.>((((((@c#
#####....55#
#..........
#...........
######....$..
....... .......
#######


You could see a centaur, a crimson imp and a shadow imp.

Vanquished Creatures
  A two-headed ogre (D:5)
  Eustachio (D:5)
  An ice beast (D:5)
  3 ogres
  A phantom (D:5)
  A centaur (D:6)
  A wyvern zombie (Ossuary)
  A water moccasin zombie (Ossuary)
  2 howler monkeys
  4 centaur zombies (Ossuary)
  3 bullfrog zombies (Ossuary)
  5 orc priests
  4 hounds
  5 orc wizards
  An iguana (D:4)
  Ijyb (D:3)
  4 worker ants
  2 killer bee zombies (Ossuary)
  2 hound zombies (Ossuary)
  2 hound skeletons
  11 mummies (Ossuary)
  4 gnolls (D:5)
  A howler monkey skeleton (D:4)
  2 howler monkey zombies (Ossuary)
  6 adders
  A shadow imp (D:6)
  An ooze (D:3)
  4 adder zombies (Ossuary)
  An adder skeleton (D:4)
  A worm (D:3)
  3 leopard geckos
  15 orcs
  5 bats
  2 giant cockroaches
  2 goblins (D:2)
  3 hobgoblins
  12 jackals
  2 quokkas (D:4)
  A ball python (D:3)
  5 frilled lizards
  A jackal zombie (Ossuary)
  A quokka skeleton (D:5)
  A quokka zombie (Ossuary)
  2 rats
132 creatures vanquished.

Vanquished Creatures (others)
  3 withered plants (Ossuary)
3 creatures vanquished.

Grand Total: 135 creatures vanquished

Notes
Turn   | Place    | Note
-------+----------+-------------------------------------------
     0 | D:1      | nicolaieve the Minotaur Berserker began the quest for the Orb.
     0 | D:1      | Reached XP level 1. HP: 19/19 MP: 0/0
    40 | D:1      | You fall through a shaft!
    44 | D:2      | Reached skill level 4 in Maces & Flails
    51 | D:2      | Reached XP level 2. HP: 23/26 MP: 1/1
   276 | D:2      | Reached skill level 5 in Maces & Flails
   276 | D:2      | Reached XP level 3. HP: 16/31 MP: 2/2
   631 | D:3      | Noticed Ijyb
   644 | D:3      | Killed Ijyb
   644 | D:3      | Reached skill level 6 in Maces & Flails
   644 | D:3      | Reached XP level 4. HP: 39/39 MP: 3/3
   738 | D:3      | Reached ** piety under Trog
   823 | D:3      | Found a sparkling altar of Nemelex Xobeh.
   892 | D:3      | Reached skill level 7 in Maces & Flails
   892 | D:3      | Reached XP level 5. HP: 38/45 MP: 4/4
   949 | D:3      | Reached skill level 8 in Maces & Flails
   950 | D:3      | Reached XP level 6. HP: 42/51 MP: 5/5
  1187 | D:4      | Found an iron altar of Okawaru.
  1226 | D:4      | Reached skill level 9 in Maces & Flails
  1336 | D:4      | Reached *** piety under Trog
  1372 | D:4      | Found a staircase to the Ecumenical Temple.
  1396 | D:4      | Reached XP level 7. HP: 50/57 MP: 6/6
  1401 | D:4      | Reached skill level 10 in Maces & Flails
  1607 | D:4      | Found Sowuocs's Jewellery Shop.
  1713 | D:5      | Entered Level 5 of the Dungeon
  1716 | D:5      | Found a sand-covered staircase.
  1726 | Ossuary  | Entered an ossuary
  1783 | Ossuary  | Reached skill level 11 in Maces & Flails
  1851 | Ossuary  | Reached **** piety under Trog
  1851 | Ossuary  | Reached XP level 8. HP: 23/64 MP: 7/7
  2314 | Ossuary  | Reached skill level 12 in Maces & Flails
  2927 | D:5      | Reached skill level 13 in Maces & Flails
  3386 | D:5      | Noticed Eustachio
  3403 | D:5      | Killed Eustachio
  3428 | D:5      | Reached XP level 9. HP: 48/70 MP: 8/8
  3493 | D:5      | Noticed a two-headed ogre
  3499 | D:5      | Killed a two-headed ogre
  3499 | D:5      | Reached skill level 14 in Maces & Flails
  3575 | D:6      | HP: 3/71 [centaur (7)]
  3576 | D:6      | Slain by a centaur

Skill      XL: |  1  2  3  4  5  6  7  8  9 |
---------------+----------------------------+-----
Maces & Flails | 4 5 6 7 8 9 11 13 14 | 14.8
Fighting       | |  3.7
Armour         | |  2.9
Dodging        | |  2.2

Action                   |  1- 3 |  4- 6 |  7- 9 || total
-------------------------+-------+-------+-------++-------
Melee: Mace              |    44 |   115 |   215 ||   374
       Headbutt          |     4 |    25 |    45 ||    74
Invok: Berserk           |     1 |     4 |     6 ||    11
       Trog's Hand       |       |       |     1 ||     1
  Eat: Chunk             |       |    22 |    14 ||    36
Armor: Animal skin       |    12 |     5 |       ||    17
       Ring mail         |       |    16 |       ||    16
       Scale mail        |       |    28 |    68 ||    96
Dodge: Dodged            |    34 |    56 |    99 ||   189
